Map: Frozen Temple

Players

NeoBlade - Winner!

  • Race: Terran Terran
  • League: Platinum
  • Spawn Location: 11:00

A.I. 1 (Harder)

  • Race: Zerg Zerg
  • Spawn Location: 5:00

VOD

Have the link to the VOD?

Description

Time

  • Played on: Jan. 7, 2017, 11:22 a.m.
  • Length: 10:27
Show
View Real Time Build Order
Export as new Build Order

NeoBlade Terran - Winner!

Build Orders: MMM Bio 

Get SALT Encoding   

  12  0:01  SCV  
  13  0:13  SCV  
  14  0:17  Supply Depot  
  14  0:25  SCV  
  15  0:39  SCV, Barracks  
  16  0:45  Refinery  
  16  0:51  SCV  
  17  1:03  SCV  
  18  1:15  SCV  
  19  1:27  Orbital Command  
  19  1:33  Barracks Reactor  
  19  1:40  Command Center  
  19  1:48  Supply Depot  
  19  1:59  Barracks  
  19  2:07  SCV  
  20  2:11  Marine  
  20  2:12  Marine  
  22  2:19  SCV  
  22  2:21  Engineering Bay  
  23  2:29  Marine  
  24  2:30  Marine  
  24  2:31  SCV  
  26  2:43  SCV  
  27  2:45  Barracks Tech Lab  
  27  2:46  Supply Depot  
  27  2:47  Terran Infantry Weapons Level 1  
  27  2:52  Marine x2  
  29  3:00  Orbital Command  
  29  3:03  SCV  
  30  3:09  Marine  
  31  3:15  SCV, Bunker  
  31  3:17  Combat Shields  
  32  3:21  Marine  
  32  3:25  SCV  
  34  3:27  SCV  
  34  3:29  Marine x2  
  37  3:37  SCV  
  37  3:39  SCV, Marine  
  40  3:47  Marine  
  41  3:49  SCV  
  41  3:51  SCV  
  41  3:54  Marine  
  44  3:57  Marine  
  44  3:59  Supply Depot  
  44  4:01  SCV  
  46  4:03  SCV  
  46  4:05  Marine  
  48  4:12  Marine  
  48  4:13  SCV  
  48  4:15  Marine  
  48  4:16  SCV  
  52  4:23  Marine  
  47  4:26  Command Center, SCV  
  47  4:28  SCV  
  47  4:29  Marine  
  46  4:33  Factory, Marine  
  46  4:38  SCV  
  48  4:40  SCV  
  48  4:41  Marine  
  48  4:42  Terran Infantry Armor Level 1  
  48  4:44  Barracks  
  50  4:45  Stimpack  
  50  4:47  Marine  
  50  4:50  SCV, Marine  
  50  4:52  SCV  
  54  4:56  Supply Depot  
  54  4:59  Marine  
  55  5:00  Supply Depot  
  55  5:02  SCV  
  55  5:04  SCV  
  55  5:05  Marine  
  55  5:06  Barracks  
  58  5:14  SCV  
  58  5:16  SCV  
  58  5:19  Supply Depot  
  58  5:20  Armory  
  60  5:26  SCV  
  61  5:28  SCV, Marine x3  
  65  5:38  SCV  
  65  5:40  SCV  
  65  5:41  SCV, Barracks  
  68  5:43  Barracks  
  68  5:44  Barracks Reactor  
  68  5:45  Barracks  
  68  5:46  Marine x3  
  68  5:49  Hellion  
  73  5:50  SCV  
  73  5:52  SCV  
  76  5:57  SCV  
  76  6:02  SCV  
  76  6:04  SCV, Marine x2  
  78  6:05  Barracks Reactor, Marine  
  78  6:09  SCV  
  78  6:10  Hellion  
  84  6:12  Barracks  
  84  6:14  SCV  
  84  6:17  SCV  
  86  6:22  SCV, Marine x2  
  86  6:25  Supply Depot  
  89  6:27  SCV  
  89  6:28  Refinery, Marine x3  
  89  6:29  SCV  
  94  6:34  SCV  
  94  6:35  Marine x2  
  94  6:39  SCV, Marine  
  98  6:41  SCV  
  98  6:43  Barracks  
  98  6:46  SCV  
  101  6:48  Supply Depot  
  101  6:49  Supply Depot, Marine x6  
  101  6:52  Supply Depot  
  101  6:53  Marine x2  
  109  6:55  Supply Depot  
  109  6:59  Terran Infantry Weapons Level 2  
  109  7:09  SCV x2, Marine  
  109  7:10  Supply Depot  
  109  7:12  Supply Depot  
  109  7:13  Supply Depot  
  109  7:15  Supply Depot  
  112  7:17  Supply Depot  
  112  7:21  Barracks Reactor x2  
  112  7:23  Marine x4  
  112  7:25  Marine x4  
  112  7:27  Hellbat  
  122  7:35  Supply Depot, SCV x2, Marine  
  121  7:40  Marine  
  121  7:42  Command Center  
  122  7:45  Supply Depot, Barracks  
  122  7:46  Barracks Reactor  
  122  7:47  Barracks  
  122  7:48  Barracks  
  122  7:49  Barracks  
  122  7:54  Unknown  
  122  7:56  Marine x2  
  122  7:57  Marine x7  
  122  7:58  SCV x2  
  133  8:01  Barracks Reactor  
  133  8:03  Barracks Reactor x2  
  119  8:11  Orbital Command  
  119  8:12  Unknown  
  119  8:14  SCV x2  
  121  8:20  Marine x8  
  121  8:22  Hellbat  
  131  8:28  Infernal Pre-Igniter  
  131  8:30  Unknown  
  129  8:34  Supply Depot  
  129  8:39  Supply Depot, Marine x8  
  129  8:40  Marine x6  
  143  8:43  Hellbat  
  143  8:46  Marine x2  
  149  8:51  Barracks Reactor x3  
  149  8:52  Marine  
  147  8:57  Marine x9  
  147  9:02  Marine x5  
  157  9:04  Hellbat  
  157  9:05  Supply Depot  
  157  9:09  Supply Depot  
  161  9:11  Marine x3  
  161  9:12  Unknown  
  163  9:18  Marine x4  
  163  9:19  Planetary Fortress  
  163  9:22  Command Center  
  168  9:24  Marine x2  
  168  9:25  Marine x2  
  168  9:26  Hellion  
  173  9:37  Marine x5  
  173  9:38  Marine x8  
  180  9:42  Hellion  
  181  9:47  Hellbat  
  181  9:48  Marine x5  
  181  9:49  Marine  
  185  9:54  Barracks  
  185  9:55  Barracks Reactor, Barracks  
  185  9:56  Barracks  
  185  9:59  Marine x2, Barracks x2  
  185  10:00  Marine x8  
  191  10:08  Unknown, Marine x3  
  191  10:09  Marine x2  
Show
View Real Time Build Order
Export as new Build Order

A.I. 1 (Harder) Zerg 

Build Orders: Hatch First 

Get SALT Encoding   

  12  0:00  Drone  
  13  0:12  Overlord  
  13  0:17  Drone  
  14  0:30  Drone  
  14  0:31  Drone  
  14  0:34  Drone  
  17  0:55  Hatchery  
  17  0:56  Drone  
  17  1:12  Spawning Pool  
  17  1:13  Drone  
  17  1:17  Drone  
  18  1:19  Extractor  
  18  1:22  Drone  
  18  1:29  Overlord  
  18  1:38  Drone  
  19  2:00  Queen, Zergling x4  
  23  2:02  Roach Warren  
  23  2:07  Drone  
  23  2:09  Extractor  
  23  2:10  Drone  
  23  2:23  Drone  
  24  2:39  Overlord  
  24  2:42  Roach  
  24  2:43  Roach  
  30  2:44  Roach x2  
  32  3:02  Lair  
  32  3:10  Extractor  
  31  3:15  Ravager, Drone  
  31  3:17  Extractor  
  32  3:20  Drone  
  33  3:31  Drone  
  34  3:35  Drone  
  34  3:39  Overlord, Drone  
  36  3:50  Drone  
  36  3:54  Drone  
  38  3:57  Drone  
  38  4:01  Hydralisk Den, Drone  
  39  4:04  Drone  
  39  4:08  Drone  
  41  4:11  Drone  
  42  4:18  Overlord  
  42  4:22  Drone  
  41  4:29  Roach  
  41  4:40  Hydralisk  
  43  4:49  Drone  
  43  4:52  Hydralisk  
  44  4:53  Drone  
  44  4:59  Overlord  
  47  5:02  Drone  
  47  5:04  Hydralisk  
  47  5:05  Drone  
  51  5:07  Drone  
  51  5:10  Drone  
  51  5:14  Drone  
  54  5:17  Ravager, Hydralisk, Drone  
  58  5:24  Overlord  
  58  5:27  Drone  
  59  5:29  Drone  
  59  5:30  Roach  
  62  5:37  Evolution Chamber  
  62  5:38  Drone  
  62  5:41  Drone  
  63  5:45  Hydralisk  
  63  5:46  Drone x2  
  63  5:49  Drone  
  68  5:51  Overlord  
  68  6:00  Drone  
  68  6:01  Drone  
  68  6:03  Zerg Ground Armor Level 1  
  70  6:10  Drone  
  71  6:12  Drone  
  71  6:14  Burrow  
  71  6:17  Drone  
  71  6:18  Drone, Zergling x2  
  75  6:21  Overlord  
  75  6:24  Drone  
  76  6:32  Drone  
  77  6:34  Drone  
  77  6:39  Ravager x2  
  80  6:43  Roach  
  80  6:45  Overlord  
  82  6:55  Roach  
  84  7:03  Overlord  
  84  7:07  Roach  
  86  7:08  Baneling Nest  
  86  7:10  Spore Crawler  
  86  7:11  Drone  
  86  7:12  Overseer  
  86  7:14  Spore Crawler  
  86  7:15  Drone  
  85  7:19  Spore Crawler, Roach  
  85  7:21  Spore Crawler  
  85  7:23  Overlord  
  85  7:24  Drone x4  
  85  7:28  Queen  
  88  7:31  Roach  
  88  7:33  Queen  
  88  7:34  Overseer  
  92  7:40  Spine Crawler  
  92  7:42  Spine Crawler, Drone  
  92  7:43  Hydralisk  
  92  7:44  Drone  
  94  7:49  Spine Crawler, Drone  
  94  7:54  Spine Crawler, Roach  
  94  7:55  Hydralisk  
  94  7:56  Drone  
  94  7:57  Infestation Pit  
  64  8:07  Hydralisk  
  64  8:19  Hydralisk  
  62  8:26  Overlord  
  62  8:31  Hydralisk  
  56  8:44  Roach  
  56  8:45  Overlord  
  56  8:48  Overseer  
  56  8:55  Queen  
  56  8:56  Zergling x2  
  56  8:59  Drone  
  56  9:00  Drone  
  56  9:01  Drone  
  56  9:02  Drone x2  
  54  9:06  Drone  
  54  9:07  Drone x3  
  54  9:09  Roach  
  37  9:21  Roach  
  34  9:26  Roach  
  39  9:31  Roach, Drone  
  39  9:35  Drone  
  39  9:36  Roach  
  35  9:40  Overseer  
  35  9:41  Hydralisk, Drone  
  35  9:46  Hydralisk  
  35  9:50  Hatchery  
  35  9:51  Hydralisk  
  35  9:52  Evolution Chamber  
  21  9:56  Hydralisk  
  21  9:57  Hatchery  
  12  10:10  Drone x2  
Tags
 
Composition
MMM Bio
League
Platinum
Matchup
TvZ
Spawn Locations
Cross Positions
Add a new tag
Caveats
  • Supply blocks, unpowered buildings, or Contaminate may cause inaccurate times.
  • Supply counts are checked every 10 seconds.